 Dungeon Crawl Stone Soup version 0.29-a0-892-g2c4c91d9db (webtiles) character file.

Game seed: 3578272777253926457

10 BritishOli the Trooper (level 2, 23/24 HPs)
             Began as a Demonspawn Fighter on July 22, 2022.
             Got out of the dungeon alive.
             The game lasted 00:00:56 (241 turns).

BritishOli the Trooper (Demonspawn Fighter)          Turns: 241, Time: 00:00:57

Health: 23/24      AC:  6    Str: 16    XL:     2   Next: 10%
Magic:  2/2        EV:  8    Int: 11    God:
Gold:   0          SH:  4    Dex: 12    Spells: 1/1 levels left

rFire   . . .      SeeInvis .   a - +0 long sword
rCold   . . .      Faith    .   c - +0 buckler
rNeg    . . .      Spirit   .   b - +0 scale mail
rPois   .          Reflect  .   (no helmet)
rElec   .          Harm     .   (no cloak)
rCorr   .          Rampage  .   (no gloves)
Will    .....                   (no boots)
Stlth   ..........              (no amulet)
HPRegen 0.08/turn               (no ring)
MPRegen 0.08/turn               (no ring)

@: no status effects
A: big brain 1
a: no special abilities


You escaped.
You visited 1 branch of the dungeon, and saw 1 of its levels.

Inventory:

Hand Weapons
 a - a +0 long sword (weapon)
Armour
 b - a +0 scale mail (worn)
 c - a +0 buckler (worn)
Potions
 d - a potion of might


   Skills:
 + Level 3.1 Fighting
 + Level 2.0 Long Blades
 + Level 2.8 Armour
 + Level 2.8 Shields


You had one spell level left.
You didn't know any spells.
Your spell library was empty.

Dungeon Overview and Level Annotations

Branches:
Dungeon (1/15)

Altars:


Innate Abilities, Weirdness & Mutations

You have an unusually large brain. (Int +2)


Message History

There are monsters nearby!
You barely miss the kobold.
The rat twitches its whiskers.
The kobold hits you but does no damage.
You closely miss the kobold.
The kobold hits you with a +0 short sword.
There are monsters nearby!
You slash the kobold!
You kill the kobold!
The rat barely misses you. The rat bites you.
You have reached level 2!
Your demonic ancestry asserts itself...
Your brain expands.
You slash the rat!
You kill the rat!
No target in view!
No target in view!
A ball python comes into view.
The ball python hisses angrily.
You closely miss the ball python. The ball python bites you.
The ball python misses you. You block the ball python's attack.
The ball python grabs you. The ball python constricts you.
You hit the ball python but do no damage.
The ball python bites you but does no damage.
The ball python constricts you.
You hit the ball python but do no damage.
You block the ball python's attack. The ball python constricts you.
The ball python barely misses you. The ball python constricts you.
You hit the ball python.
You kill the ball python!
No target in view!
No target in view!
No target in view!
Things that are here:
a +0 dagger; a goblin corpse
There is an open door here.
There is an open door here.
There is a staircase leading out of the dungeon here.
Are you sure you want to leave the Dungeon?
This will make you lose the game!
You have escaped!

...........#
...........######.
########..........
###.######## #[..#
###'#.# #..##.#
###'#+#.# #@..#
..# ###+# #.# #.#
#.#


There were no monsters in sight!

Vanquished Creatures
  A ball python (D:1)
  A bat (D:1)
  A giant cockroach (D:1)
  A goblin (D:1)
  A hobgoblin (D:1)
  A kobold (D:1)
  A frilled lizard (D:1)
  2 rats (D:1)
9 creatures vanquished.

Notes
Turn   | Place    | Note
-------+----------+-------------------------------------------
     0 | D:1      | BritishOli the Demonspawn Fighter began the quest for the
                  | Orb.
     0 | D:1      | Reached XP level 1. HP: 18/18 MP: 1/1
   181 | D:1      | Gained mutation: You have an unusually large brain. (Int
                  | +2) [demonic ancestry]
   181 | D:1      | Reached XP level 2. HP: 20/24 MP: 2/2
   241 | D:$      | Got out of the dungeon alive.

Illustrated notes

Levels and vault maps discovered:
D:1:      erik_arrival_triangle_small, layout_basic, serial_shops,
          nicolae_shop_hallway_stairs, shop, nicolae_square_shop

Skill      XL: |  1 |
---------------+----+-----
Long Blades    | 2 |  2.0
Fighting       | |  3.1
Armour         | |  2.8
Shields        | |  2.8

Action                   || total
-------------------------++-------
Melee: Long sword        ||    28
Armor: Scale mail        ||    23
Dodge: Dodged            ||    11
Block: Buckler           ||     9

Table legend: (Time is in decaauts)
 A = Elapsed time spent in this place.
 B = Non-inter-level travel time spent in this place.
 C = Inter-level travel time spent in this place.
 D = Time resting spent in this place.
 E = Time spent auto-exploring this place.
 F = Levels seen in this place.
 G = Mean time per level.
                   A        B        C        D        E       F      G
               +--------+--------+--------+--------+--------+-----+--------+
         Total |    250 |    199 |     51 |      0 |    145 |   1 |  250.0 |
       Dungeon |    250 |    199 |     51 |      0 |    145 |   1 |  250.0 |
               +--------+--------+--------+--------+--------+-----+--------+

Top non-repeatable levels by time:
     D:1: 250 daAuts
